 Dungeon Crawl Stone Soup version 0.14.1-7-g74c9c2a (webtiles) character file.

318 Kae the Insei (level 5, -2/40 HPs)
             Began as a Draconian Transmuter on May 21, 2014.
             Slain by Grinder (6 damage)
             ... while paralysed by Grinder
             ... on Level 3 of the Dungeon.
             The game lasted 00:03:11 (2602 turns).

Kae the Insei (Draconian Transmuter)                Turns: 2602, Time: 00:03:11

HP  -2/40        AC  2     Str 12      XL: 5   Next: 36%
MP   7/9         EV  5     Int 14      God:
Gold 134         SH  0     Dex 17      Spells:  3 memorised,  2 levels left

rFire  . . .     SeeInvis .       - Unarmed
rCold  . . .     Clarity  .     (armour unavailable)
rNeg   . . .     Conserve .     (shield currently unavailable)
rPois  x         rCorr    .     (helmet currently unavailable)
rElec  .         rRot     .     (cloak currently unavailable)
SustAb . .       Spirit   .     (gloves currently unavailable)
rMut   .         Warding  .     (boots currently unavailable)
Saprov . . .     Stasis   .     (no amulet)
MR     .....                    (no ring)
                                (no ring)

@: spider-form (expiring), paralysed, quick, not resistant to hostile
enchantments, unstealthy
A: unfitting armour, AC +5
a: End Transformation


You were on level 3 of the Dungeon.
You were not hungry.
You were in spider-form.
You visited 1 branch of the dungeon, and saw 3 of its levels.

You collected 134 gold pieces.

Inventory:

Missiles
 b - 12 arrows
Magical devices
 r - a wand of polymorph (4)
Comestibles
 a - 3 bread rations
 j - a honeycomb
 l - a meat ration
 p - a cheese
Scrolls
 c - 3 scrolls of teleportation {unknown}
 g - 2 scrolls of blinking {unknown}
 i - 3 scrolls of identify {unknown}
 q - a scroll of fear {unknown}
 t - a scroll of random uselessness {unknown}
Jewellery
 k - an uncursed ring of sustain abilities {unknown}
Potions
 e - a potion of brilliance {unknown}
 f - a potion of berserk rage {unknown}
 h - 2 potions of mutation {unknown}
 m - 2 potions of haste {unknown}
 n - 3 potions of restore abilities {unknown}
 o - a potion of might
Books
 d - a book of Changes

   Spells                             Type                      Level
   *Beastly Appendage                 Transmutation                1
   *Sticks to Snakes                  Transmutation                2
   *Spider Form                       Transmutation/Poison         3
   Ice Form                           Ice/Transmutation            4
   Blade Hands                        Transmutation                5


   Skills:
 - Level 1.1 Fighting
 - Level 1.7 Dodging
 * Level 5.1 Unarmed Combat
 - Level 2.0 Spellcasting
 + Level 3.8 Transmutations


You had 2 spell levels left.
You knew the following spells:

 Your Spells              Type           Power        Failure   Level  Hunger
a - Beastly Appendage     Trmt           ##....       17%         1    ##.....
b - Sticks to Snakes      Trmt           ##........   24%         2    ###....
c - Spider Form           Trmt/Pois      #.........   61%         3    ####...


Dungeon Overview and Level Annotations

Branches:
Dungeon (3/15)

Altars:
Elyvilon

Annotations:
D:3 Grinder, Sigmund


Message History

You hit Grinder.
Grinder is moderately wounded.
Grinder misses you.
You barely miss Grinder.
Grinder is moderately wounded.
Grinder gestures at you. You resist with significant effort.
You bite Grinder!
Grinder is heavily wounded.
Grinder gestures at you.
You suddenly lose the ability to move!
Your transformation is almost over.
Grinder hits you.
You writhe in agony.
Grinder hits you!
You writhe in agony.
Grinder hits you!
* * * LOW HITPOINT WARNING * * *
You writhe in agony.
* * * LOW HITPOINT WARNING * * *
Grinder hits you.
You die...

#.# #.##.# #.##.# #.#
#.# #.##.# #.##.# #.#
#.# #.##.# #....# #.#
###.# #.##.# #..###
#.# #####...# #.##.#
#.. #.# ......#.##
#.##.# ##.# #..
######...#######.##.#
#.# ###
#.<.......5....# #.#
##### #...####.##s.#
#.# #.... #####
#.#...# #.# #.###
#.#.#.# #.###.###
#.....#######........
###.####...#.........
#.....###....##.###
## ####.##
##....#.... .## #.#
#..#.##### ..# #.#
#..#.##


You could see Grinder.

Vanquished Creatures
  2 crimson imps (D:3)
  Ijyb (D:2)
  Jessica (D:2)
  Terence (D:2)
  2 adders (D:2)
  2 worms (D:2)
  2 giant geckos
  An ooze (D:3)
  3 bats
  3 giant cockroaches
  4 hobgoblins
  3 kobolds
  A quokka (D:3)
  2 giant newts
  4 goblins
  4 rats
36 creatures vanquished.

Vanquished Creatures (others)
  An ooze (D:2)
  A quokka (D:3)
  A bat (D:2)
3 creatures vanquished.

Grand Total: 39 creatures vanquished

Notes
Turn   | Place    | Note
--------------------------------------------------------------
     0 | D:1      | Kae, the Draconian Transmuter, began the quest for the Orb.
     0 | D:1      | Reached XP level 1. HP: 16/16 MP: 3/3
   192 | D:1      | Reached XP level 2. HP: 21/23 MP: 4/4
   640 | D:2      | Noticed Terence
   668 | D:2      | Killed Terence
   668 | D:2      | Reached XP level 3. HP: 8/28 MP: 4/6
   883 | D:2      | Learned a level 2 spell: Sticks to Snakes
   887 | D:2      | Learned a level 3 spell: Spider Form
   967 | D:2      | Found a white marble altar of Elyvilon.
  1021 | D:2      | Noticed Ijyb
  1073 | D:2      | Killed Ijyb
  1073 | D:2      | Reached skill level 4 in Unarmed Combat
  1211 | D:2      | Noticed Jessica
  1219 | D:2      | Killed Jessica
  1219 | D:2      | Reached XP level 4. HP: 35/35 MP: 7/7
  1609 | D:3      | Noticed Sigmund
  2042 | D:3      | Reached XP level 5. HP: 25/40 MP: 9/9
  2201 | D:3      | HP: 1/40 [crimson imp (6)]
  2206 | D:3      | Reached skill level 5 in Unarmed Combat
  2583 | D:3      | Noticed Grinder
  2586 | D:3      | Paralysed by Grinder for 2 turns
  2598 | D:3      | Paralysed by Grinder for 4 turns
  2602 | D:3      | Slain by Grinder

Action                   |  1- 3 |  4- 6 || total
-------------------------+-------+-------++-------
Melee: Unarmed           |   122 |   168 ||   290
 Cast: Beastly Appendage |     2 |     6 ||     8
       Spider Form       |     1 |     1 ||     2
  Use: Potion            |     1 |     1 ||     2
